 Dungeon Crawl Stone Soup version 0.30-a0-1157-g2cc9ac7196 (webtiles) character file.

Game seed: 9161769807656976636

504 ragingrage the Shooter (level 7, -4/60 HPs)
             Began as a Naga Hunter on Apr 24, 2023.
             Slain by a gnoll
             ... wielding a +0 flail
              (6 damage)
             ... on level 4 of the Dungeon.
             The game lasted 00:02:07 (3748 turns).

ragingrage the Shooter (Naga Hunter)                Turns: 3748, Time: 00:02:07

Health: -4/60      AC:  6    Str: 13    XL:     7   Next: 17%
Magic:  7/7        EV:  9    Int: 10    God:
Gold:   253        SH:  0    Dex: 16    Spells: 6/6 levels left

rFire   + . .        a - +0 shortbow
rCold   . . .        (shield currently unavailable)
rNeg    . . .        c - +0 leather armour
rPois   +            (no helmet)
rElec   .            m - +2 cloak {Will+}
rCorr   .            (no gloves)
SInv    +            (no barding)
Will    +....        (no amulet)
Stlth   ++           f - ring of protection from fire
HPRegen 0.30/turn    (no ring)
MPRegen 0.10/turn

%: no passive effects
@: hasted, quick
A: AC +2, large, see invisible, deformed body, poison resistance, slowness 2,
spit poison 1, naga tail 1
a: Spit Poison


You were on level 4 of the Dungeon.
You visited 1 branch of the dungeon, and saw 5 of its levels.

You collected 253 gold pieces.

Inventory:

Hand Weapons
 a - a +0 shortbow (weapon)
Missiles
 v - 2 throwing nets
 w - 12 poisoned darts
Armour
 c - a +0 leather armour (worn)
 m - a +2 cloak of willpower (worn)
Jewellery
 f - a ring of protection from fire (left hand)
 r - a ring of magical power
 s - a ring of magical power
Wands
 t - a wand of flame (15)
Scrolls
 b - 2 scrolls of immolation
 g - a scroll of identify {unknown}
 h - a scroll of silence {unknown}
 k - a scroll of butterflies {unknown}
 q - a scroll of amnesia {unknown}
 u - a scroll of blinking {unknown}
Potions
 d - a potion of resistance {unknown}
 e - 2 potions of haste
 i - 3 potions of heal wounds {unknown}
 j - 3 potions of lignification {unknown}
 l - 2 potions of degeneration {unknown}
 n - 2 potions of curing
 o - a potion of flight {unknown}
 p - 2 potions of might {unknown}


   Skills:
 - Level 2.0 Fighting
 + Level 7.5 Ranged Weapons
 - Level 1.5 Dodging
 - Level 3.0 Stealth


You had 6 spell levels left.
You didn't know any spells.
Your spell library contained the following spells:

 Spells                   Type           Power      Damage    Failure   Level
 Lesser Beckoning         Tloc           0%         N/A       58%         2
 Gell's Gravitas          Tloc           0%         N/A       82%         3
 Teleport Other           Tloc           0%         N/A       82%         3


Dungeon Overview and Level Annotations

Branches:
Dungeon (5/15)
 Temple: D:4-7

Altars:
Fedhas
Vehumet
The Shining One

Annotations:
D:2 Terence
D:3 3 runed translucent doors, Sleet's ghost, amateur SpEn; Unforgiven's ghost, amateur NaFi; patfeehan111222's ghost, amateur DsBe
D:4 2 runed translucent doors, exclusion: 2 downstairs, themarg's ghost, amateur MfSu


Innate Abilities, Weirdness & Mutations

Your serpentine skin is tough. (AC +2)
You have supernaturally acute eyesight. (SInv)
Armour fits poorly on your strangely shaped body.
Your system is resistant to poisons. (rPois)
You cover ground very slowly.
You can spit poison.
You have a snake-like lower body.


Message History

The arrow hits the gnoll but does no damage.
You have got your breath back.
The gnoll hits you with a +0 club.
* * * LOW HITPOINT WARNING * * *
Fire: a) +0 shortbow
Aim: a gnoll, wielding a +0 club (heavily wounded, covering ground quickly, poisoned, 68% to hit)
You shoot an arrow. The arrow hits the gnoll!
You kill the gnoll!
Fire: a) +0 shortbow
Aim: a gnoll, wielding a +0 flail (covering ground quickly, 68% to hit)
You shoot an arrow.
The arrow hits the gnoll but does no damage.
The gnoll hits you with a +0 flail.
* * * LOW HITPOINT WARNING * * *
Fire: a) +0 shortbow
Aim: a gnoll, wielding a +0 flail (covering ground quickly, 68% to hit)
You shoot an arrow. The arrow hits the gnoll.
The gnoll is no longer moving quickly. x2; The gnoll closely misses you.
Fire: a) +0 shortbow
Aim: a gnoll, wielding a +0 flail (moderately wounded, 68% to hit)
You shoot an arrow. The arrow closely misses the gnoll. x2
The gnoll hits you with a +0 flail.
* * * LOW HITPOINT WARNING * * *
The gnoll barely misses you.
Fire: a) +0 shortbow
Aim: a gnoll, wielding a +0 flail (moderately wounded, 68% to hit)
You shoot an arrow. The arrow hits the gnoll.
The gnoll hits you with a +0 flail!
* * * LOW HITPOINT WARNING * * *
Fire: a) +0 shortbow
Aim: a gnoll, wielding a +0 flail (moderately wounded, 68% to hit)
You shoot an arrow. The arrow hits the gnoll.
The gnoll hits you with a +0 flail.
* * * LOW HITPOINT WARNING * * *
You feel better. The gnoll hits you with a +0 flail!
* * * LOW HITPOINT WARNING * * *
Unknown command.
It was a potion of haste.
You feel yourself speed up. The gnoll hits you with a +0 flail.
You die...

...##...##.#### #.# ###.#..
...#######....#
##.######...... ...# #....#
#.......#...... #### #....#
#.............. #
######.### #..(...........
# #....#.##
##..(....#......
######....#..#
###........#######
..........##.# #......)...#
.#####....##.###@##.......#
.####...####..##g##.......#
.#......# ###...g##########
.#.##)..# #..>.###
##'##..>#####.##
....#...#.....#
....#####.####### ....#
#.#.....# ....# #.#.###.#


You could see 2 gnolls.

Vanquished Creatures
  Sigmund (D:2)
  A kobold brigand (D:4)
  A hound (D:4)
  An orc priest (D:4)
  An iguana (D:4)
  Natasha (thrice) (D:2)
  An orc wizard (D:4)
  2 gnolls (D:4)
  2 adders
  A dart slug (D:4)
  3 orcs
  4 bats
  3 endoplasms
  A giant cockroach (D:3)
  8 goblins
  2 hobgoblins
  2 jackals (D:4)
  5 kobolds (D:4)
  5 quokkas
  5 ball pythons
  6 frilled lizards
  2 rats
60 creatures vanquished.

Vanquished Creatures (others)
  15 plants (D:4)
15 creatures vanquished.

Grand Total: 75 creatures vanquished

Notes
Turn   | Place    | Note
-------+----------+-------------------------------------------
     0 | D:1      | ragingrage the Naga Hunter began the quest for the Orb.
     0 | D:1      | Reached XP level 1. HP: 19/19 MP: 1/1
   120 | D:1      | Reached skill level 4 in Ranged Weapons
   120 | D:1      | Reached XP level 2. HP: 26/26 MP: 2/2
   234 | D:1      | Found a faded altar of an unknown god.
   849 | D:1      | Prayed at the altar of an unknown god.
   849 | D:1      | Became a worshipper of the Shining One
   849 | D:1      | Reached * piety under the Shining One
   850 | D:1      | Fell from the grace of the Shining One
   940 | D:2      | Noticed Sigmund
   951 | D:2      | Killed Sigmund
   952 | D:2      | Reached skill level 6 in Ranged Weapons
   952 | D:2      | Reached XP level 3. HP: 10/32 MP: 3/3
   952 | D:2      | Reached XP level 4. HP: 13/39 MP: 4/4
   952 | D:2      | Reached XP level 5. HP: 15/45 MP: 5/5
  1089 | D:2      | Noticed Terence
  1235 | D:2      | Noticed Natasha
  1247 | D:2      | Killed Natasha
  1400 | D:2      | Noticed Natasha
  1408 | D:2      | Killed Natasha
  1409 | D:2      | Reached XP level 6. HP: 14/52 MP: 6/6
  1736 | D:3      | Found a runed translucent gate.
  1736 | D:3      | Found a runed translucent gate.
  1736 | D:3      | Found a runed translucent gate.
  1740 | D:3      | Noticed patfeehan111222's ghost (amateur DsBe)
  1740 | D:3      | Noticed Sleet's ghost (amateur SpEn)
  1741 | D:3      | Noticed Unforgiven's ghost (amateur NaFi)
  1962 | D:2      | Noticed Natasha
  1971 | D:2      | Killed Natasha
  2885 | D:4      | Found a runed translucent door.
  2899 | D:4      | Noticed themarg's ghost (amateur MfSu)
  2915 | D:4      | Reached skill level 7 in Ranged Weapons
  2924 | D:4      | Found a radiant altar of Vehumet.
  3026 | D:4      | Found a blossoming altar of Fedhas.
  3058 | D:4      | Reached XP level 7. HP: 41/60 MP: 7/7
  3177 | D:4      | Found a runed translucent door.
  3685 | D:5      | Entered Level 5 of the Dungeon
  3746 | D:4      | HP: 1/60 [gnoll/+0 flail (5)]
  3748 | D:4      | Slain by a gnoll

Illustrated notes

Levels and vault maps discovered:
D:1:      dpeg_arrival_central, layout_loops_ring,
          shapermc_ecumenical_altar_mp_ritualfount, minmay_misc_feat_tower,
          minmay_crystal_room, hex_medium
D:2:      layout_basic, chequers_hall_statues_corner_a,
          chequers_serial_rivers_marsh, uniq_natasha, uniq_terence, uniq_sigmund
D:3:      layout_basic, gammafunk_ghost_cemetery
D:4:      layout_basic, vehumet_altar_wand_db, fedhas_altar_2,
          ebering_ghost_sewer_f, lexackson_kobold_supper
D:5:      layout_rooms, uniq_crazy_yiuf_cottage

Skill      XL: |  1  2  3  4  5  6 |
---------------+-------------------+-----
Ranged Weapons | 4 6 7 |  7.5
Stealth        | 2 3 |  3.0
Fighting       | |  2.0
Dodging        | |  1.5

Action                     |  1- 3 |  4- 6 |  7- 9 || total
---------------------------+-------+-------+-------++-------
   Fire: Shortbow          |    46 |   130 |    21 ||   197
 Invoke: Renounce Religion |     1 |       |       ||     1
Ability: Spit Poison       |     2 |     1 |     1 ||     4
    Use: Potion            |       |       |     2 ||     2
 Armour: Leather armour    |     6 |     9 |     5 ||    20
  Dodge: Dodged            |     5 |    30 |     9 ||    44

Table legend: (Time is in decaauts)
 A = Elapsed time spent in this place.
 B = Non-inter-level travel time spent in this place.
 C = Inter-level travel time spent in this place.
 D = Time resting spent in this place.
 E = Time spent auto-exploring this place.
 F = Levels seen in this place.
 G = Mean time per level.
                   A        B        C        D        E       F      G
               +--------+--------+--------+--------+--------+-----+--------+
         Total |   4957 |   4574 |    383 |    321 |   3804 |   5 |  991.4 |
       Dungeon |   4957 |   4574 |    383 |    321 |   3804 |   5 |  991.4 |
               +--------+--------+--------+--------+--------+-----+--------+

Top non-repeatable levels by time:
     D:4: 1503 daAuts
     D:3: 1312 daAuts
     D:1: 1200 daAuts
     D:2: 933 daAuts
     D:5: 6 daAuts
